 Dungeon Crawl Stone Soup version 0.30-a0-1116-gebefce21f7 (webtiles) character file.

Game seed: 17402282696911954500

68 Newt the Trooper (level 4, -1/37 HPs)
             Began as a Demonspawn Gladiator on Apr 21, 2023.
             Slain by a cerulean imp
             ... wielding a +0 spear
             ... summoned by Natasha
              (5 damage)
             ... on level 2 of the Dungeon.
             The game lasted 00:00:57 (700 turns).

Newt the Trooper (Demonspawn Gladiator)              Turns: 700, Time: 00:00:58

Health: -1/37      AC:  4    Str: 16    XL:     4   Next: 1%
Magic:  4/4        EV: 12    Int: 18    God:
Gold:   48         SH:  0    Dex: 14    Spells: 3/3 levels left

rFire   . . .      SeeInvis .    a - +0 rapier
rCold   . . .      Faith    .    (no shield)
rNeg    . . .      Spirit   .    b - +0 leather armour
rPois   .          Reflect  .    c - +0 helmet
rElec   .          Rampage  .    (no cloak)
rCorr   .                        (no gloves)
Will    .....                    (no boots)
Stlth   +                        j - amulet of regeneration
HPRegen 1.06/turn                k - +6 ring of intelligence
MPRegen 0.09/turn                (no ring)

@: slowed, very slow
A: foul stench 1, big brain 1
a: no special abilities


You were on level 2 of the Dungeon.
You visited 1 branch of the dungeon, and saw 2 of its levels.

You collected 48 gold pieces.

Inventory:

Hand Weapons
 a - a +0 rapier (weapon)
Missiles
 d - a throwing net (quivered)
Armour
 b - a +0 leather armour (worn)
 c - a +0 helmet (worn)
Jewellery
 j - an amulet of regeneration (around neck)
 k - a +6 ring of intelligence (left hand)
Scrolls
 i - a scroll of teleportation
 m - a scroll of immolation
Potions
 l - 4 potions of curing {unknown}


   Skills:
 - Level 4.0 Fighting
 - Level 2.6 Short Blades
 + Level 2.3 Throwing
 - Level 2.6 Dodging


You had 3 spell levels left.
You didn't know any spells.
Your spell library contained the following spells:

 Spells                   Type           Power      Damage    Failure   Level
 Simulacrum               Ice/Necr       0%         N/A       100%        6
 Ozocubu's Refrigeration  Ice            0%         4d7       100%        7
 Polar Vortex             Ice            0%         N/A       100%        9


Dungeon Overview and Level Annotations

Branches:
Dungeon (2/15)

Altars:

Annotations:
D:2 Natasha


Innate Abilities, Weirdness & Mutations

You may rarely emit foul miasma when damaged in melee.
You have an unusually large brain. (Int +2)


Message History

Natasha struggles against the net.
The cerulean imp hits you but does no damage.
You hit Natasha.
Natasha is almost dead.
The quokka completely misses you.
The cerulean imp hits you from afar with a +0 spear.
The quokka barely misses you.
Natasha struggles against the net.
The cerulean imp hits you but does no damage.
Unknown command.
You completely miss Natasha.
Natasha is almost dead.
The quokka bites you. Natasha casts a spell at you. The magic dart hits you.
* * * LOW HITPOINT WARNING * * *
Natasha struggles against the net.
The cerulean imp hits you from afar with a +0 spear.
* * * LOW HITPOINT WARNING * * *
The quokka closely misses you.
You hit Natasha but do no damage.
Natasha is almost dead.
The quokka closely misses you.
The cerulean imp hits you from afar with a +0 spear.
* * * LOW HITPOINT WARNING * * *
Natasha casts a spell.
Natasha struggles against the net.
The net rips apart, and Natasha comes free!
The quokka bites you.
* * * LOW HITPOINT WARNING * * *
The cerulean imp hits you from afar with a +0 spear.
* * * LOW HITPOINT WARNING * * *
Unknown command.
Throw: javelin
Press: ? - help, Shift-Dir - straight line, f/p - Natasha
Aim: Natasha, carrying a wand of digging (3) (almost dead, 55% to hit)
You throw a javelin. The javelin closely misses Natasha.
The javelin barely misses the cerulean imp.
The quokka barely misses you.
The cerulean imp hits you from afar with a +0 spear.
You die...

.....?##..#
......(.....#..
#... .........$.
.....#.........
.....#.....#.###
........5......###
.....#.5..........
.......h..........
......†@..........
.....#.r........#.
.... #............
.. #............
................
....#............
....#............
... #............
... #.!..........


You could see Natasha, 2 cerulean imps and a quokka.

Vanquished Creatures
  Natasha (twice) (D:2)
  A worm (D:2)
  A dart slug (D:1)
  A bat (D:1)
  2 goblins (D:1)
  2 hobgoblins
  3 jackals (D:1)
  A quokka (D:1)
13 creatures vanquished.

Notes
Turn   | Place    | Note
-------+----------+-------------------------------------------
     0 | D:1      | Newt the Demonspawn Gladiator began the quest for the Orb.
     0 | D:1      | Reached XP level 1. HP: 16/16 MP: 1/1
   262 | D:1      | Gained mutation: You have an unusually large brain. (Int
                  | +2) [demonic ancestry]
   262 | D:1      | Reached XP level 2. HP: 23/23 MP: 2/2
   586 | D:1      | Reached skill level 3 in Fighting
   625 | D:2      | Noticed Natasha
   640 | D:2      | Killed Natasha
   641 | D:2      | Reached XP level 3. HP: 10/30 MP: 3/3
   662 | D:2      | Noticed Natasha
   672 | D:2      | Killed Natasha
   673 | D:2      | Reached skill level 4 in Fighting
   673 | D:2      | Gained mutation: You may rarely emit foul miasma when
                  | damaged in melee. [demonic ancestry]
   673 | D:2      | Reached XP level 4. HP: 37/37 MP: 4/4
   680 | D:2      | Noticed Natasha
   700 | D:2      | Slain by a cerulean imp

Illustrated notes

Levels and vault maps discovered:
D:1:      mainiacjoe_arrival_reflecting_pool, layout_basic,
          chequers_serial_rivers_micro_e, chequers_garden
D:2:      layout_rooms, hellmonk_ecumenical_altar_inner_sanctum, uniq_natasha

Skill      XL: |  1  2  3 |
---------------+----------+-----
Fighting       | 3 4 |  4.0
Throwing       | 2 |  2.3
Short Blades   | |  2.6
Dodging        | |  2.6

Action                     |  1- 3 |  4- 6 || total
---------------------------+-------+-------++-------
  Melee: Rapier            |    40 |     9 ||    49
  Throw: Throwing net      |       |     2 ||     2
         Javelin           |       |     1 ||     1
    Use: Scroll            |     4 |       ||     4
         Potion            |     1 |       ||     1
 Armour: Leather armour    |     7 |     8 ||    15
  Dodge: Dodged            |    29 |    20 ||    49

Table legend: (Time is in decaauts)
 A = Elapsed time spent in this place.
 B = Non-inter-level travel time spent in this place.
 C = Inter-level travel time spent in this place.
 D = Time resting spent in this place.
 E = Time spent auto-exploring this place.
 F = Levels seen in this place.
 G = Mean time per level.
                   A        B        C        D        E       F      G
               +--------+--------+--------+--------+--------+-----+--------+
         Total |    718 |    689 |     29 |     34 |    523 |   2 |  359.0 |
       Dungeon |    718 |    689 |     29 |     34 |    523 |   2 |  359.0 |
               +--------+--------+--------+--------+--------+-----+--------+

Top non-repeatable levels by time:
     D:1: 619 daAuts
     D:2: 99 daAuts
